AoeStats
← 545434

Arabia

509523668Analyzed
1v1 RM · 4d ago on Sep 27, 2026· 95m 4s· 2 players
Game mode
Random Map
Map size
Tiny (2 player)
Population
200
Speed
Normal
Resources
Standard
Victory
Conquest
Starting age
Dark Age
Ending age
Imperial Age
RankedLock teamsTeams togetherTeam positionsShared explorationLock speedFull tech treeHidden civsTurbo modeCheats
Victory
Defeat
🇪🇨 Sicilians · Ecuador
975
+17
🇨🇦 Spanish · Canada
1005
-17
Noob18
8:32 Loom
10:46 Feudal Age
11:31 Double-Bit Axe
13:36 Fletching
14:42 Scale Mail Armor
16:03 Arson
19:11 Horse Collar
23:45 Castle Age
22:35 Forging
23:21 Stone Mining
23:21 Gold Mining
24:48 Heavy Plow
24:59 Bodkin Arrow
36:12 Wheelbarrow
35:11 Elite Skirmisher
41:01 Imperial Age
38:50 Town Watch
39:21 Hand Cart
43:10 Husbandry
46:03 Chemistry
45:15 Masonry
47:22 Crop Rotation
49:17 Town Patrol
50:05 Ballistics
49:36 Heated Shot
51:51 Squires
51:37 Gambesons
51:13 Pikeman
54:01 Halberdier
55:24 Bow Saw
56:41 Iron Casting
56:21 Chain Mail Armor
56:11 Scale Barding Armor
60:38 Blast Furnace
60:08 Plate Mail Armor
59:58 Chain Barding Armor
61:46 Gold Shaft Mining
61:46 Stone Shaft Mining
64:35 Conscription
64:55 Bracer
68:01 Bloodlines
67:12 Light Cavalry
69:52 First Crusade
71:09 Plate Barding Armor
70:02 Elite Serjeant
73:36 Hauberk
75:31 Hauberk
79:37 Heated Shot
80:07 Ballistics
79:46 Murder Holes
86:45 Padded Archer Armor
89:06 Hoardings
88:02 Sappers
545434
9:33 Loom
11:32 Feudal Age
13:06 Wheelbarrow
16:20 Castle Age
23:14 Fervor
24:39 Redemption
27:16 Hand Cart
27:50 Inquisition
28:41 Sanctity
36:41 Imperial Age
33:57 Town Watch
34:03 Town Watch
35:55 Scale Barding Armor
36:15 Masonry
38:30 Husbandry
38:42 Bloodlines
38:41 Capped Ram
40:27 Chemistry
40:01 Architecture
40:42 Squires
40:03 Pikeman
41:49 Chain Barding Armor
43:35 Conscription
46:30 Cavalier
48:11 Bombard Tower
47:47 Murder Holes
52:48 Plate Barding Armor
52:23 Forging
52:46 Block Printing
52:56 Illumination
53:07 Theocracy
53:15 Paladin
59:03 Double-Bit Axe
59:21 Town Patrol
58:47 Elite Conquistador
59:21 Gold Mining
60:45 Onager
61:53 Man-at-Arms
62:19 Gambesons
62:25 Long Swordsman
62:59 Two-Handed Swordsman
64:20 Iron Casting
63:46 Scale Mail Armor
63:37 Fletching
65:58 Bow Saw
66:27 Ballistics
66:27 Champion
68:11 Blast Furnace
67:26 Chain Mail Armor
70:19 Halberdier
72:23 Hoardings
80:05 Fortified Wall
80:08 Elite Skirmisher
80:54 Thumb Ring
89:29 Light Cavalry
90:49 Hussar
92:28 Supremacy
Connection lost

Rejoining the realm…

Still unreachable

The connection could not be restored.

Session expired

The server has moved on; the page needs a fresh start.